 Dungeon Crawl Stone Soup version 0.27.0-1-g7a089689b8 (webtiles) character file.

Game seed: 15883092338185633911

56 BOMJPIETVODKU the Ruffian (level 3, 0/29 HPs)
             Began as a Draconian Transmuter on Aug 3, 2021.
             Slain by a goblin (1 damage)
             ... led by Robin
             ... on level 2 of the Dungeon.
             The game lasted 00:04:25 (2082 turns).

BOMJPIETVODKU the Ruffian (Draconian Transmuter)    Turns: 2082, Time: 00:04:25

Health: 0/29       AC:  5    Str: 12    XL:     3   Next: 71%
Magic:  6/6        EV: 12    Int: 14    God:
Gold:   66         SH:  0    Dex: 11    Spells: 5/6 levels left

rFire    . . .     SeeInvis .     - Unarmed
rCold    . . .     Faith    .   (no shield)
rNeg     . . .     Spirit   .   (armour unavailable)
rPois    .         Reflect  .   (helmet restricted)
rElec    .         Harm     .   (no cloak)
rCorr    .         Rampage  .   (no gloves)
Will     .....                  (no boots)
Stlth    +.........             (no amulet)
HPRegen  0.09/turn              (no ring)
MPRegen  0.10/turn              (no ring)

@: no status effects
A: AC +5, unfitting armour, cold-blooded
a: no special abilities


You were on level 2 of the Dungeon.
You visited 1 branch of the dungeon, and saw 2 of its levels.

You collected 66 gold pieces.

Inventory:

Scrolls
 c - a scroll of noise {unknown}
 f - a scroll of vulnerability {unknown}
 h - a scroll of blinking {unknown}
Potions
 b - a potion of lignification {unknown}
 d - a potion of resistance {unknown}
 e - a potion of degeneration {unknown}
 g - a potion of invisibility {unknown}


   Skills:
 * Level 1.9 Fighting
 + Level 2.1 Dodging
 * Level 3.5 Unarmed Combat
 + Level 2.4 Spellcasting
 + Level 2.4 Transmutations


You had 5 spell levels left.
You knew the following spells:

 Your Spells              Type           Power      Damage    Failure   Level
a - Beastly Appendage     Tmut           16%        N/A       9%          1

Your spell library contained the following spells:

 Spells                   Type           Power      Damage    Failure   Level
 Wereblood                Tmut           8%         N/A       12%         2
 Sting                    Tmut/Pois      20%        1d4       14%         1
 Animate Skeleton         Necr           2%         N/A       22%         1
 Pain                     Necr           4%         1d4       22%         1
 Poisonous Vapours        Pois/Air       2%         N/A       34%         2
 Spider Form              Tmut/Pois      2%         N/A       38%         3
 Vampiric Draining        Necr           0%         2d6       56%         3
 Ice Form                 Ice/Tmut       5%         N/A       80%         4
 Animate Dead             Necr           0%         N/A       92%         4
 Fulminant Prism          Conj/Hex       0%         3d6       92%         4
 Iskenderun's Mystic Bla  Conj/Tloc      1%         2d3       92%         4
 Olgreb's Toxic Radiance  Pois           1%         N/A       92%         4
 Lee's Rapid Deconstruct  Erth           0%         3d5*      99%         5
 Haunt                    Necr/Summ      0%         N/A       100%        7
 Infestation              Necr           0%         N/A       100%        8


Dungeon Overview and Level Annotations

Branches:
Dungeon (2/15)

Altars:
Hepliaklqana

Annotations:
D:2 Robin


Innate Abilities, Weirdness & Mutations

Your plain brown scales are hard. (AC +5)
You cannot fit into any form of body armour.
You are cold-blooded and may be slowed by cold attacks.


Message History

The goblin hits you with a +2 dagger of freezing.
You feel yourself slow down. The goblin freezes you.
You closely miss the goblin. Your headbutt misses the goblin.
Your tail-slap misses the goblin.
The goblin is severely wounded.
The goblin barely misses you.
You hit the goblin.
You kill the goblin!
You feel yourself speed up.
Robin says, "A pitiful Draconian like you will never find the ORB!"
Robin roars a battlecry!
The goblin goes into a battle-frenzy!
You closely miss Robin. Your headbutt misses Robin.
Robin hits you with a +0 falchion!
* * * LOW HITPOINT WARNING * * *
You barely miss Robin. You claw Robin.
Robin is lightly wounded.
Robin barely misses you.
You hit Robin but do no damage. You claw Robin.
Robin is moderately wounded.
Robin roars a battlecry!
The goblin goes into a battle-frenzy!
Robin throws the goblin at you!
You hit the goblin.
You kill the goblin!
A goblin comes into view. It is wielding a +0 dagger.
Robin throws the goblin at you!
* * * LOW HITPOINT WARNING * * *
You barely miss the goblin. You headbutt the goblin.
You kill the goblin!
Your horns disappear.
Your talons disappear.
Things that are here:
a +0 dagger; a +0 club; a goblin corpse Robin says, "Bow before me, strongest of all the hobgoblins!"
Robin's horned helmet rattles.
Robin throws the goblin at you!
* * * LOW HITPOINT WARNING * * *
It was a potion of cancellation.
You feel magically purged. The goblin hits you with a +0 dagger.
You die... )...... #... .g...# #... ###### .g..# #... #....# .gg###... #....# gg.

+... #....# #.# #...
##....#########.# #...
#......g...)..).# #...
#....@##########.##...
#...g.# .##... #.....#
###### #..)..# #.....#
# #.######. #
#####........ #
#............ #
##.########## #


You could see Robin and a goblin (strong).

Vanquished Creatures
  A dart slug (D:1)
  An endoplasm (D:1)
  4 giant cockroaches
  10 goblins
  7 hobgoblins
  6 jackals (D:1)
  3 kobolds (D:2)
  2 quokkas (D:1)
  6 ball pythons
  2 bats (D:1)
  2 frilled lizards (D:1)
  2 rats
46 creatures vanquished.

Notes
Turn   | Place    | Note
-------+----------+-------------------------------------------
     0 | D:1      | BOMJPIETVODKU the Draconian Transmuter began the quest for
                  | the Orb.
     0 | D:1      | Reached XP level 1. HP: 16/16 MP: 3/3
   175 | D:1      | Reached XP level 2. HP: 13/23 MP: 3/5
   945 | D:1      | You fall into a shaft and drop 1 floor!
  1045 | D:1      | Reached XP level 3. HP: 29/29 MP: 4/6
  1584 | D:2      | Found a hazy altar of Hepliaklqana.
  1800 | D:2      | Found a faded altar of an unknown god.
  2035 | D:2      | Noticed Robin
  2073 | D:2      | HP: 1/29 [Robin/goblin (3)]
  2081 | D:2      | HP: 1/29 [Robin/goblin (1)]
  2082 | D:2      | Slain by a goblin

Illustrated notes

Levels and vault maps discovered:
D:1:      saegor_arrival_simple_e, layout_loops_corners
D:2:      layout_basic, basic_altar, shapermc_ecumenical_altar_venn, uniq_robin

Skill      XL: |  1  2 |
---------------+-------+-----
Dodging        | 2 |  2.1
Fighting       | |  1.9
Unarmed Combat | |  3.5
Spellcasting   | |  2.4
Transmutations | |  2.4

Action                   || total
-------------------------++-------
Melee: Unarmed           ||   127
       Kick              ||    19
       Headbutt          ||    13
       Tailslap          ||     7
       Punch             ||     2
 Cast: Beastly Appendage ||    33
  Use: Potion            ||     1
Armor: Skin              ||    29
Dodge: Dodged            ||    80
